 Dungeon Crawl Stone Soup version 0.29.0-13-gc9e81de378 (webtiles) character file.

Game seed: 9904158579816936043

2 keekatzer the Caller (level 1, 0/14 HPs)
             Began as a Ghoul Summoner on Sept 9, 2022.
             Hit by a stone thrown by a kobold (1 damage)
             ... on level 1 of the Dungeon.
             The game lasted 00:01:14 (263 turns).

keekatzer the Caller (Ghoul Summoner)                Turns: 263, Time: 00:01:15

Health: 0/14       AC:  2    Str: 11    XL:     1   Next: 30%
Magic:  1/2        EV: 12    Int: 10    God:
Gold:   28         SH:  0    Dex:  9    Spells: 2/3 levels left

rFire   . . .      SeeInvis .   c - +0 whip
rCold   + . .      Faith    .   (no shield)
rNeg    + + +      Spirit   .   a - +0 robe
rPois   ∞          Reflect  .   (no helmet)
rElec   .          Harm     .   (no cloak)
rCorr   .          Rampage  .   (no gloves)
Will    .....                   (no boots)
Stlth   ++........              (no amulet)
HPRegen 0.00/turn               (no ring)
MPRegen 0.08/turn               (no ring)

@: inhibited regen
A: claws 1, cold resistance 1, negative energy resistance 3, inhibited
regeneration, torment resistance 2, devour on kill
a: no special abilities


You were on level 1 of the Dungeon.
You visited 1 branch of the dungeon, and saw 1 of its levels.

You collected 28 gold pieces.

Inventory:

Hand Weapons
 c - a +0 whip (weapon)
Missiles
 d - 5 poisoned darts (quivered)
Armour
 a - a +0 robe (worn)
Potions
 b - a potion of magic


   Skills:
 + Level 0.1 Fighting
 + Level 1.8 Dodging
 + Level 2.2 Stealth
 + Level 1.8 Spellcasting
 + Level 3.6 Summonings


You had 2 spell levels left.
You knew the following spells:

 Your Spells              Type           Power      Damage    Failure   Level
a - Summon Small Mammal   Summ           32%        N/A       8%          1

Your spell library contained the following spells:

 Spells                   Type           Power      Damage    Failure   Level
 Call Imp                 Summ           8%         N/A       11%         2
 Call Canine Familiar     Summ           8%         N/A       22%         3
 Summon Guardian Golem    Hex/Summ       4%         N/A       41%         3
 Summon Lightning Spire   Summ/Air       4%         N/A       83%         4


Dungeon Overview and Level Annotations

Branches:
Dungeon (1/15)

Altars:


Innate Abilities, Weirdness & Mutations

You are immune to poison.
You have sharp fingernails.
Your flesh is cold resistant. (rC+)
You are immune to negative energy. (rN+++)
You do not regenerate when monsters are visible.
You are immune to unholy pain and torment.
You thrive by killing the living.


Message History

Found 5 poisoned darts.
You now have 19 gold pieces (gained 4).
You see here 5 poisoned darts.
You see here 5 poisoned darts.
d - 5 poisoned darts
Found 9 gold pieces.
Found a stone staircase leading down.
You now have 28 gold pieces (gained 9).
A kobold comes into view. It is wielding a +0 dagger.
A giant cockroach and a rat come into view.
You barely miss the rat. The rat bites you.
Casting: Summon Small Mammal (safe; 8% risk of failure)
Confirm with . or Enter, or press ? or * to list all spells.
The kobold hits you with a +0 dagger. The rat barely misses you.
You closely miss the kobold. The kobold hits you with a +0 dagger.
The rat barely misses you.
Your rat closely misses the kobold.
You closely miss the kobold. The kobold closely misses you.
The rat barely misses you.
The giant cockroach bites you but does no damage.
Your rat completely misses the kobold.
You closely miss the kobold.
The giant cockroach completely misses you.
The kobold hits you with a +0 dagger. The rat bites you but does no damage.
Your rat barely misses the kobold.
You barely miss the kobold.
The giant cockroach bites you but does no damage.
The kobold barely misses you. The rat barely misses you.
Your rat bites the kobold but does no damage.
The giant cockroach closely misses you. The kobold closely misses you.
The rat closely misses you.
You barely miss the kobold. The giant cockroach closely misses you.
Your rat bites the kobold.
The kobold hits you with a +0 dagger.
* * * LOW HITPOINT WARNING * * *
The rat bites you.
* * * LOW HITPOINT WARNING * * *
The rat attacks as you move away! The rat bites you.
* * * LOW HITPOINT WARNING * * *
Your rat closely misses the kobold.
The kobold throws a stone.
The stone hits you.
You die...

.. #+ .# ... ...
#.#.# ##. ....
#.#.# ...##.#.#
#..#.#.# ##
....r##.# ..
#rK.##.# ##. #
#.B....#... ##
#@#.##..#### ##.
#........... #..
###.###..#######.#
#.# #..###.....#
#.# #......#####
#.# #...####
#.####>.# #####
#.#....## #...#
#.#.##.# #.#.#


You could see a giant cockroach, a kobold (ally target), a rat and a friendly
rat (summoned).

Vanquished Creatures
  A bat (D:1)
  A kobold (D:1)
2 creatures vanquished.

Notes
Turn   | Place    | Note
-------+----------+-------------------------------------------
     0 | D:1      | keekatzer the Ghoul Summoner began the quest for the Orb.
     0 | D:1      | Reached XP level 1. HP: 14/14 MP: 2/2
   263 | D:1      | Hit by a stone thrown by a kobold

Illustrated notes

Levels and vault maps discovered:
D:1:      lightli_arrival_quake, layout_basic, minmay_misc_feat_tower,
          minmay_rat_gold_closets

Action                   || total
-------------------------++-------
Melee: Unarmed           ||    10
       Whip              ||     6
 Cast: Summon Small Mamm ||     3
Armor: Robe              ||     4
Dodge: Dodged            ||    22
